 Dungeon Crawl Stone Soup version 0.29.1-1-gd02db6906a (webtiles) character file.

Game seed: 2239158551185283412

2621 wingedge the Slasher (level 9, -5/73 (75) HPs)
             Began as a Demigod Hunter on Oct 5, 2022.
             Slain by an orc warrior
             ... wielding a +0 hand axe
              (7 damage)
             ... on level 7 of the Dungeon.
             The game lasted 00:18:24 (6128 turns).

wingedge the Slasher (Demigod Hunter)               Turns: 6128, Time: 00:18:24

HP:   -5/73 (75)    AC: 16    Str: 12    XL:     9   Next: 12%
MP:   0/24          EV: 12    Int: 15    God:
Gold: 330           SH:  0    Dex: 25    Spells: 8/12 levels left

rFire   + . .      SeeInvis .   a - +2 long sword (protect)
rCold   . . .      Faith    .   (no shield)
rNeg    . . .      Spirit   +   d - +4 ring mail
rPois   .          Reflect  .   (no helmet)
rElec   .          Harm     .   (no cloak)
rCorr   .          Rampage  .   (no gloves)
Will    .....                   (no boots)
Stlth   ++........              l - amulet of guardian spirit
HPRegen 0.22/turn               n - ring of magical power
MPRegen 0.19/turn               j - ring of protection from fire

@: mighty, about to teleport, under a protective aura, lightly drained
A: high MP 1, forlorn, divine attributes
a: no special abilities


You were on level 7 of the Dungeon.
You visited 2 branches of the dungeon, and saw 8 of its levels.

You collected 330 gold pieces.

Inventory:

Hand Weapons
 a - a +2 long sword of protection (weapon)
 b - a +0 shortbow
 t - a +1 short sword of venom
 L - a +2 scimitar
Missiles
 C - a curare-tipped dart
 F - 5 boomerangs
Armour
 d - a +4 ring mail (worn)
Jewellery
 e - a ring of flight
 j - a ring of protection from fire (right hand)
 l - an amulet of guardian spirit (around neck)
 n - a ring of magical power (left hand)
 D - a +6 ring of strength
 E - the amulet of Enif {Faith Rampage Dex+2}
   (You took it off an orc warrior on level 6 of the Dungeon)

   [amulet of faith]

   It allows you to gain divine favour quickly.
   Dex:       It affects your dexterity (+2).
   Rampage:   It bestows one free step when moving towards enemies.
 H - an amulet of regeneration
 J - a ring of ice
Wands
 s - a wand of roots (1)
 A - a wand of flame (19)
 I - a wand of mindburst (11)
 K - a wand of charming (11)
 M - a wand of digging (8)
Scrolls
 f - 3 scrolls of butterflies {unknown}
 g - 2 scrolls of immolation
 h - a scroll of fear {unknown}
 i - a scroll of blinking {unknown}
 o - a scroll of poison {unknown}
 p - a scroll of teleportation
 q - a scroll of amnesia {unknown}
 w - a scroll of silence {unknown}
 y - a scroll of summoning {unknown}
 z - a scroll of vulnerability {unknown}
 B - 3 scrolls of identify
Potions
 c - a potion of invisibility
 k - 3 potions of brilliance
 r - 2 potions of flight
 u - 2 potions of lignification {unknown}
 v - 2 potions of might
 x - 2 potions of haste {unknown}
 G - a potion of mutation {unknown}


   Skills:
 - Level 6.0 Fighting
 - Level 7.0 Long Blades
 - Level 5.0 Ranged Weapons
 - Level 2.0 Armour
 - Level 3.0 Dodging
 - Level 1.0 Stealth
 - Level 2.0 Spellcasting
 + Level 4.6 Transmutations


You had 8 spell levels left.
You knew the following spells:

 Your Spells              Type           Power      Damage    Failure   Level
a - Wereblood             Tmut           15%        N/A       11%         2
b - Blink                 Tloc           2%         N/A       58%         2

Your spell library contained the following spells:

 Spells                   Type           Power      Damage    Failure   Level
 Passwall                 Tmut/Erth      6%         N/A       28%         2
 Sandblast                Erth           2%         2d4       43%         1
 Sublimation of Blood     Necr           1%         N/A       58%         2
 Lesser Beckoning         Tloc           1%         N/A       82%         3
 Stone Arrow              Conj/Erth      2%         3d7       82%         3
 Manifold Assault         Tloc           1%         N/A       100%        5
 Summon Hydra             Summ           0%         N/A       100%        7


Dungeon Overview and Level Annotations

Branches:
Dungeon (7/15)             Temple (1/1) D:5


Innate Abilities, Weirdness & Mutations

You have an increased reservoir of magic. (+10% MP)
You shall have no god before yourself.
Your divine heritage dramatically boosts your attributes as you level up.


Message History

You feel better.
The orc warrior shoots a bolt.
The bolt hits you!
* * * LOW HITPOINT WARNING * * *
The orc warrior misses you. The orc hits you but does no damage.
The orc priest barely misses you.
Unknown command.
You feel better.
The orc warrior shoots a bolt.
The bolt closely misses you.
The bolt closely misses the orc warrior.
The orc hits you but does no damage.
The orc warrior hits you with a +0 short sword.
* * * LOW HITPOINT WARNING * * *
The orc priest invokes the aid of Beogh against you.
You resist with significant effort.
Unknown command.
You closely miss the orc priest. You punch the orc priest.
You kill the orc priest!
The orc warrior shoots a bolt.
The bolt closely misses you.
The bolt hits the orc warrior!
The orc warrior misses you. The orc closely misses you.
Unknown command.
Unknown command.
Found a dagger.
The orc warrior unwields a +0 arbalest.
The orc warrior wields a +0 hand axe.
The orc warrior closely misses you.
You hit the orc warrior.
Your weapon exudes an aura of protection.
The orc warrior is lightly wounded.
The orc warrior barely misses you.
The orc warrior hits you but does no damage.
The orc hits you but does no damage.
You are electrocuted!
* * * LOW HITPOINT WARNING * * *
You slash the orc!
You kill the orc!
The orc warrior hits you but does no damage.
The orc warrior hits you with a +0 short sword.
* * * LOW HITPOINT WARNING * * *
Unknown command.
Okay, then.
As you read the scroll labelled PIED WIZXEJA, it crumbles to dust.
You feel strangely unstable.
It was a scroll of teleportation.
The orc warrior hits you with a +0 hand axe!
You die...

....... '###....
...........##+##...#....
...........#.......#.)..
...........#..... #....
...........'.... #....
...........#..# #....
...........#..######....
........)..'..##..##....
......o@o).#†)'.........
........)..#..#)..##....
...........#..##..##....
...:.......#..##..##....
)..........#+###........
......[.>..# #..##....
...........# #..##....
...........# ##..##....
#...#.....


You could see 2 orc warriors.

Vanquished Creatures
  A water moccasin (D:6)
  An orc warrior (D:6)
  2 sky beasts
  An ice beast (D:6)
  3 ogres
  2 centaurs
  3 phantoms
  A kobold brigand (D:6)
  A bullfrog (D:6)
  2 scorpions (D:5)
  4 necrophages
  5 wights
  A killer bee (D:6)
  A howler monkey (D:6)
  4 hounds
  3 jellies (D:6)
  3 orc priests
  4 iguanas
  3 orc wizards (D:7)
  8 adders
  A shadow imp (D:6)
  A white imp (D:6)
  3 ufetubi
  3 worms
  5 dart slugs
  8 orcs
  6 endoplasms
  3 giant cockroaches
  6 goblins
  5 hobgoblins
  7 jackals
  6 quokkas
  9 ball pythons
  6 bats
  4 frilled lizards
  14 kobolds
  5 rats
145 creatures vanquished.

Notes
Turn   | Place    | Note
-------+----------+-------------------------------------------
     0 | D:1      | wingedge the Demigod Hunter began the quest for the Orb.
     0 | D:1      | Reached XP level 1. HP: 17/17 MP: 3/3
   216 | D:1      | Reached XP level 2. HP: 24/24 MP: 4/4
  1493 | D:2      | Reached XP level 3. HP: 29/29 MP: 5/5
  1989 | D:2      | Reached skill level 1 in Stealth
  2563 | D:3      | Reached XP level 4. HP: 36/36 MP: 6/6
  2703 | D:4      | Reached skill level 1 in Armour
  2764 | D:4      | Noticed an ogre
  2772 | D:4      | Killed an ogre
  2773 | D:4      | Reached skill level 1 in Long Blades
  2773 | D:4      | Reached skill level 5 in Ranged Weapons
  2773 | D:4      | Reached skill level 2 in Long Blades
  2773 | D:4      | Reached XP level 5. HP: 42/42 MP: 7/7
  2942 | D:4      | Learned a level 2 spell: Wereblood
  3329 | D:4      | Reached skill level 1 in Transmutations
  3741 | D:5      | Entered Level 5 of the Dungeon
  3796 | D:5      | Reached XP level 6. HP: 45/51 MP: 8/8
  3839 | D:5      | Found a staircase to the Ecumenical Temple.
  3853 | Temple   | Entered the Ecumenical Temple
  4070 | D:5      | Reached skill level 3 in Long Blades
  4596 | D:5      | Reached XP level 7. HP: 59/59 MP: 9/9
  4830 | D:6      | Reached skill level 4 in Long Blades
  4929 | D:6      | Reached skill level 5 in Long Blades
  4986 | D:6      | Learned a level 2 spell: Blink
  5042 | D:6      | Reached skill level 5 in Fighting
  5047 | D:6      | Reached XP level 8. HP: 58/68 MP: 10/10
  5053 | D:6      | Reached skill level 6 in Long Blades
  5170 | D:6      | Identified the amulet of Enif {Faith Rampage Dex+2}
  5376 | D:6      | Reached skill level 7 in Long Blades
  5630 | D:6      | Reached skill level 1 in Spellcasting
  5989 | D:7      | Reached XP level 9. HP: 61/66 MP: 15/15
  6126 | D:7      | HP: 2/73 [orc/+2 whip of electrocution (13)]
  6128 | D:7      | Slain by an orc warrior

Illustrated notes

Levels and vault maps discovered:
D:1:      dpeg_arrival_three_same_balls, layout_basic,
          ebering_ecumenical_altar_ruins, feat_on_display
D:2:      layout_basic, minmay_heptomino_w4
D:3:      layout_basic, lemuel_doored_altar
D:4:      layout_basic, chequers_serial_rivers_large_b
D:5:      layout_basic, lemuel_crystal_altar, minmay_temple_entry_slanted
D:6:      minmay_bubble_buster, layout_rooms, minmay_holes, minivault_10
D:7:      layout_gridville, uniq_maggie
Temple:   nicolae_temple_slightly_damp_pantheon

Skill      XL: |  1  2  3  4  5  6  7  8  9 |
---------------+----------------------------+-----
Fighting       | 2 3 4 5 6 |  6.0
Ranged Weapons | 4 5 |  5.0
Stealth        | 1 |  1.0
Dodging        | 2 3 |  3.0
Armour         | 1 2 |  2.0
Long Blades    | 2 3 5 7 |  7.0
Transmutations | 1 2 4 |  4.6
Spellcasting   | 2 |  2.0

Action                   |  1- 3 |  4- 6 |  7- 9 || total
-------------------------+-------+-------+-------++-------
Melee: Long sword        |     6 |    45 |   227 ||   278
       Punch             |       |     1 |     5 ||     6
 Fire: Shortbow          |   126 |    59 |    37 ||   222
 Cast: Wereblood         |       |       |     5 ||     5
Evoke: Wand              |       |     4 |       ||     4
  Use: Scroll            |     3 |     7 |     1 ||    11
       Potion            |       |       |     6 ||     6
Armor: Leather armour    |     3 |       |       ||     3
       Ring mail         |     8 |    29 |   161 ||   198
Dodge: Dodged            |    28 |    40 |   219 ||   287
